[Event "December 19 Late 2023"]
[Site "https://www.chess.com"]
[Date "2023.12.19"]
[Round "4"]
[White "Serra Canals, Oriol"]
[Black "Saim, Mohamed Ilias"]
[Result "1-0"]
[Board "143"]
[TimeControl "180+1"]
[WhiteFideId "22276084"]
[BlackFideId "7900465"]
[WhiteElo "2108"]
[BlackElo "2063"]
[WhiteTeam "ESP"]
[BlackTeam "ALG"]
[WhiteClock "0:00:27"]
[BlackClock "0:00:07"]

1. d4 Nf6 2. c4 e6 3. Nf3 b6 4. a3 Bb7 5. Nc3 Ne4 6. Qc2 f5 7. Bf4 Be7 8. h3 O-O 9. e3 d6 10. Bd3 Nxc3 11. Qxc3 Nd7 12. O-O Bxf3 13. gxf3 e5 14. dxe5 dxe5 15. Bh2 Bf6 16. Bxf5 e4 17. Qd2 Ne5 18. Qxd8 Nxf3+ 19. Kg2 Raxd8 20. Bxe4 Nxh2 21. Kxh2 Bxb2 22. Rab1 Rd2 23. Kg3 Bxa3 24. Bd5+ Kh8 25. f4 Bd6 26. Kf3 g6 27. h4 Kg7 28. h5 g5 29. Rg1 h6 30. Ke4 Kf6 31. fxg5+ hxg5 32. Rbf1+ Ke7 33. Rxf8 Kxf8 34. Rxg5 a5 35. Kf5 a4 36. h6 Rh2 37. Kg6 a3 38. c5 bxc5 39. h7 c6 40. Bc4 Be7 41. Rh5 Rg2+ 42. Kf5 Rf2+ 43. Ke6 Bf6 44. h8=Q+ Bxh8 45. Rxh8+ Kg7 46. Ra8 Rc2 47. Ra7+ Kg6 48. Bd3+ 1-0

[Event "December 19 Late 2023"]
[Site "https://www.chess.com"]
[Date "2023.12.19"]
[Round "4"]
[White "Figorito, Nick"]
[Black "Ivanov, Aleksandr"]
[Result "0-1"]
[Board "144"]
[TimeControl "180+1"]
[WhiteFideId "30923689"]
[BlackFideId "2092980"]
[WhiteElo "2422"]
[BlackElo "2125"]
[WhiteTeam "USA"]
[BlackTeam "USA"]
[WhiteClock "0:00:00"]
[BlackClock "0:00:17"]

1. Nf3 d5 2. g3 g6 3. Bg2 Bg7 4. d4 Nf6 5. O-O O-O 6. c4 c6 7. cxd5 cxd5 8. Ne5 Nc6 9. Nxc6 bxc6 10. Bf4 Qb6 11. b3 Ba6 12. Nc3 Bb5 13. Be5 e6 14. Rc1 Rfc8 15. h4 a5 16. Re1 a4 17. bxa4 Bc4 18. Rb1 Qa5 19. Qc2 Nd7 20. Bxg7 Kxg7 21. Rb7 Rc7 22. Reb1 Ra7 23. Rxc7 Rxc7 24. Qb2 c5 25. dxc5 Nf6 26. e4 Qxc5 27. exd5 Bxd5 28. Nxd5 exd5 29. Rd1 Rd7 30. Kh2 d4 31. a5 h5 32. a6 Kh7 33. Bb7 Ng4+ 34. Kg1 d3 35. Rd2 Re7 36. Rxd3 Re1+ 37. Kg2 Rc1 38. Rd8 Rc3 39. Qe2 Rc2 40. Bf3 Rxe2 41. Bxe2 Qxf2+ 0-1

[Event "December 19 Late 2023"]
[Site "https://www.chess.com"]
[Date "2023.12.19"]
[Round "4"]
[White "Novikova, Margarita"]
[Black "Spichkin, Alexander"]
[Result "0-1"]
[Board "145"]
[TimeControl "180+1"]
[WhiteFideId "14109689"]
[BlackFideId "4144074"]
[WhiteElo "2090"]
[BlackElo "1955"]
[WhiteTeam "GER"]
[BlackTeam "RUS"]
[WhiteClock "0:01:36"]
[BlackClock "0:02:32"]

1. e4 e5 2. Nf3 d5 3. exd5 e4 4. Ne5 Qxd5 5. d4 exd3 6. Nxd3 Nc6 7. Nc3 Bb4 8. Bd2 Bxc3 9. Bxc3 Nf6 10. Qe2+ Be6 11. Nf4 Qf5 12. Nxe6 fxe6 13. O-O-O Nd5 14. Bxg7 Rg8 15. Bh6 O-O-O 16. h4 Ncb4 17. a3 Na2+ 18. Kd2 Nf4+ 19. Qd3 Nxd3 20. Bxd3 Qxf2# 0-1

[Event "December 19 Late 2023"]
[Site "https://www.chess.com"]
[Date "2023.12.19"]
[Round "4"]
[White "Mizzi, Jack"]
[Black "Gardezi, Arsal"]
[Result "1-0"]
[Board "146"]
[TimeControl "180+1"]
[WhiteFideId "5602521"]
[BlackFideId "30949521"]
[WhiteElo "2127"]
[BlackElo "1906"]
[WhiteTeam "MLT"]
[BlackTeam "USA"]
[WhiteClock "0:00:04"]
[BlackClock "0:00:09"]

1. d4 Nf6 2. c4 e6 3. g3 c5 4. d5 exd5 5. cxd5 d6 6. Bg2 g6 7. Nf3 Bg7 8. O-O Bf8 9. Nc3 Bg7 10. e4 O-O 11. Re1 Re8 12. a4 Na6 13. Bf4 Nb4 14. Bxd6 Qxd6 15. e5 Qd8 16. exf6 Rxe1+ 17. Nxe1 Bxf6 18. Nd3 Nxd3 19. Qxd3 Bf5 20. Qc4 Bd4 21. Rd1 Qf6 22. Rf1 Rc8 23. d6 Qxd6 24. Bxb7 Rb8 25. Nb5 Qd7 26. Bd5 a6 27. Nxd4 cxd4 28. Rd1 d3 29. Be4 Bxe4 30. Qxe4 Rd8 31. Qe3 Qd5 32. Rd2 Qb3 33. h4 Qd5 34. b4 Qb3 35. Qe4 Qb1+ 36. Kg2 Qb3 37. a5 Qc3 38. Qe3 Qc6+ 39. Kh2 Qb5 40. Kh3 Qf5+ 41. Kh2 Qb5 42. Qe4 Qd7 43. Kg2 h5 44. Kf3 Qd6 45. Kg2 Qd5 46. Qxd5 Rxd5 47. Kf3 Rd4 48. Ke3 Rxb4 49. Rxd3 Ra4 50. Rd5 Ra3+ 51. Kf4 Kg7 52. Ke5 Rb3 53. Kd6 Rb2 54. f4 Rb3 55. f5 Rxg3 56. fxg6 fxg6 57. Kc6 Rg4 58. Kb6 Rxh4 59. Kxa6 Ra4 60. Kb5 Ra1 61. a6 h4 62. Kb6 Kh6 63. a7 g5 64. Kb7 Rb1+ 65. Kc7 Ra1 66. Kb6 Kh5 67. Ra5 Rb1+ 68. Ka6 h3 69. a8=Q h2 70. Qh8+ Kg4 71. Qxh2 Rb8 72. Qxb8 Kf3 73. Rxg5 Ke3 74. Qe5+ 1-0

[Event "December 19 Late 2023"]
[Site "https://www.chess.com"]
[Date "2023.12.19"]
[Round "4"]
[White "Levine, David"]
[Black "Gurevich, Dmitry"]
[Result "0-1"]
[Board "147"]
[TimeControl "180+1"]
[WhiteFideId "2011611"]
[BlackFideId "2000407"]
[WhiteElo "2060"]
[BlackElo "2506"]
[WhiteTeam "USA"]
[BlackTeam "USA"]
[WhiteClock "0:01:00"]
[BlackClock "0:01:58"]

1. d4 Nf6 2. c4 a6 3. g3 c5 4. d5 b5 5. Bg2 d6 6. b3 bxc4 7. bxc4 g6 8. Bb2 Bg7 9. Nc3 Nbd7 10. e4 Rb8 11. Rb1 Qa5 12. Qd2 Nb6 13. Bf1 O-O 14. f3 Nfd7 15. Bd3 Ne5 16. Qe2 Na4 0-1

[Event "December 19 Late 2023"]
[Site "https://www.chess.com"]
[Date "2023.12.19"]
[Round "4"]
[White "Akhayan, Ruben"]
[Black "Egorov, Konstantin"]
[Result "1-0"]
[Board "148"]
[TimeControl "180+1"]
[WhiteFideId "204439"]
[BlackFideId "24154369"]
[WhiteElo "2141"]
[BlackElo "1878"]
[WhiteTeam "BEL"]
[BlackTeam "RUS"]
[WhiteClock "0:00:56"]
[BlackClock "0:00:32"]

1. e4 c5 2. Nf3 e6 3. d4 cxd4 4. Nxd4 Nf6 5. Nc3 Nc6 6. Nxc6 bxc6 7. e5 Nd5 8. Ne4 Qc7 9. f4 Qb6 10. a3 Be7 11. c4 O-O 12. cxd5 cxd5 13. Nc3 f6 14. exf6 Bxf6 15. Bd3 e5 16. Nxd5 Qe6 17. Nxf6+ Rxf6 18. O-O e4 19. Bc2 Bb7 20. Bb3 d5 21. Be3 Kh8 22. Bd4 Rg6 23. f5 1-0

[Event "December 19 Late 2023"]
[Site "https://www.chess.com"]
[Date "2023.12.19"]
[Round "4"]
[White "Bogaudinov, Rushan"]
[Black "Hernandez Santos, David Ale"]
[Result "0-1"]
[Board "149"]
[TimeControl "180+1"]
[WhiteFideId "4129288"]
[BlackFideId "5132002"]
[WhiteElo "1937"]
[BlackElo "1553"]
[WhiteTeam "RUS"]
[BlackTeam "MEX"]
[WhiteClock "0:00:24"]
[BlackClock "0:00:06"]

1. a3 e6 2. e3 Nf6 3. d4 d5 4. Nf3 Be7 5. c4 O-O 6. Nc3 b6 7. b4 a5 8. b5 c6 9. bxc6 Nxc6 10. Bb2 dxc4 11. Bxc4 Ba6 12. Bxa6 Rxa6 13. O-O Qd7 14. Qe2 Raa8 15. Rfc1 Nd5 16. h3 Bd6 17. Ne4 Nce7 18. Rab1 f5 19. Nxd6 Qxd6 20. a4 Rfc8 21. Ne5 Nc6 22. Nc4 Qb8 23. Ba3 Ndb4 24. Qd2 b5 25. axb5 Ne7 26. Bxb4 axb4 27. Qxb4 Nd5 28. Qb3 Ra7 29. Ne5 Rxc1+ 30. Rxc1 Rb7 31. Rc5 Kf8 32. g4 g6 33. Rxd5 exd5 34. Qxd5 Qc7 35. g5 Qc1+ 36. Kg2 Qc7 37. h4 Qe7 38. b6 Kg7 39. Nc6 Qd7 40. Qe5+ Kg8 41. Qf6 Qf7 42. Qd8+ Kg7 43. Ne5 Qe7 44. Qxe7+ Rxe7 45. d5 Rxe5 46. b7 Re8 47. Kf3 Kf7 48. Kf4 Ke7 49. Ke5 Kd7+ 50. Kf6 Kd6 51. Kg7 Re7+ 52. Kh6 Rxb7 53. f3 Kxd5 54. h5 gxh5 55. Kxh5 Ke5 56. Kh6 Rb6+ 57. Kxh7 f4 58. e4 Ke6 59. g6 Rb7+ 60. Kh6 Kf6 61. Kh5 Rg7 62. Kg4 Rxg6+ 63. Kxf4 Ke6 64. Ke3 Rg8 65. Kf4 Rf8+ 66. Ke3 Ke5 67. Ke2 Kf4 68. Kd3 Rd8+ 69. Kc4 Kxf3 70. e5 Ke4 71. e6 Ke5 72. Kc5 Re8 73. e7 Rxe7 74. Kc6 Re6+ 75. Kc5 Re7 76. Kc4 Rh7 77. Kd3 Kd5 78. Ke3 Rf7 79. Ke2 Ke4 80. Kd2 Rc7 81. Ke2 Rc2+ 82. Kd1 Kd3 83. Ke1 Ke3 84. Kd1 Rc7 85. Ke1 Rc1# 0-1

[Event "December 19 Late 2023"]
[Site "https://www.chess.com"]
[Date "2023.12.19"]
[Round "4"]
[White "Guerra Tulcan, Lenin"]
[Black "UnTucopalaTimba"]
[Result "1-0"]
[Board "150"]
[TimeControl "180+1"]
[WhiteFideId "3601382"]
[WhiteElo "2368"]
[BlackElo "2052"]
[WhiteTeam "ECU"]
[WhiteClock "0:00:24"]
[BlackClock "0:00:06"]

1. e4 c6 2. d4 d5 3. exd5 cxd5 4. Bd3 Nf6 5. c3 g6 6. Ne2 Bg7 7. O-O O-O 8. Ng3 Nc6 9. Re1 a6 10. Bg5 b5 11. a3 Bb7 12. Qd2 Na5 13. Qf4 Nc4 14. Re2 Rc8 15. Bh6 Qd7 16. Bxg7 Kxg7 17. Qg5 Nd6 18. Nd2 h6 19. Qe5 Rfe8 20. h4 Qg4 21. h5 Qg5 22. hxg6 fxg6 23. Rae1 Rc7 24. Nf3 Qxe5 25. dxe5 Nde4 26. exf6+ exf6 27. Nxe4 dxe4 28. Bxe4 Rce7 29. Bd3 Rxe2 30. Rxe2 Rxe2 31. Bxe2 Kf7 32. Nd4 Ke7 33. f3 Kd6 34. Kf2 Ke5 35. Ke3 g5 36. g3 f5 37. f4+ Kf6 38. b3 Bd5 39. c4 bxc4 40. bxc4 Be4 41. c5 a5 42. Bf3 Bb1 43. Bb7 h5 44. c6 gxf4+ 45. Kxf4 Ke7 46. c7 Kd7 47. c8=Q+ 1-0

[Event "December 19 Late 2023"]
[Site "https://www.chess.com"]
[Date "2023.12.19"]
[Round "4"]
[White "Argandona Riveiro, Inigo"]
[Black "Gumugama"]
[Result "1-0"]
[Board "151"]
[TimeControl "180+1"]
[WhiteFideId "2212072"]
[WhiteElo "2391"]
[BlackElo "2205"]
[WhiteTeam "ESP"]
[WhiteClock "0:00:11"]
[BlackClock "0:00:39"]

1. Nf3 Nf6 2. c4 g6 3. Nc3 Bg7 4. e4 d6 5. d4 O-O 6. Be3 Nc6 7. Be2 Bg4 8. d5 Bxf3 9. gxf3 Ne5 10. f4 Ned7 11. h4 h5 12. Qc2 c6 13. O-O-O cxd5 14. exd5 a6 15. f5 b5 16. fxg6 bxc4 17. gxf7+ Rxf7 18. Rhg1 Kf8 19. Bxc4 Ne5 20. Bd3 Nxd3+ 21. Qxd3 Qa5 22. Qg6 Rb8 23. Bh6 Bxh6+ 24. Qxh6+ Ke8 25. Rg7 Qb4 26. Rd2 Rxg7 27. Qxg7 Rb7 28. Re2 Qf4+ 29. Kb1 Qxh4 30. a3 Qg4 31. Qxf6 Rxb2+ 32. Kxb2 Qxe2+ 33. Nxe2 exf6 34. Nf4 h4 35. Kc3 f5 36. Kb4 Kf7 37. Ka5 Kf6 38. Nh3 Ke5 39. Kxa6 Kf6 40. Kb6 Ke5 41. a4 Kxd5 42. a5 Ke4 43. a6 Kf3 44. a7 Kg2 45. a8=Q+ Kxh3 46. Qh1+ Kg4 47. Kc6 f4 48. Kxd6 f3 49. Ke5 h3 50. Ke4 Kh4 51. Qxf3 h2 52. Qg3+ 1-0

[Event "December 19 Late 2023"]
[Site "https://www.chess.com"]
[Date "2023.12.19"]
[Round "4"]
[White "Kniazev, Igor"]
[Black "Cardozo Munar, Carlos Eduardo"]
[Result "0-1"]
[Board "153"]
[TimeControl "180+1"]
[WhiteFideId "4136349"]
[BlackFideId "4409477"]
[WhiteElo "1853"]
[BlackElo "2067"]
[WhiteTeam "RUS"]
[BlackTeam "COL"]
[WhiteClock "0:00:26"]
[BlackClock "0:00:20"]

1. e4 e6 2. d4 d5 3. exd5 exd5 4. Bd3 Bd6 5. Nf3 Ne7 6. c4 dxc4 7. Bxc4 O-O 8. Nc3 Nbc6 9. O-O a6 10. Ne4 Bg4 11. Nxd6 Qxd6 12. Be3 Nf5 13. d5 Ne5 14. Be2 Rad8 15. Nxe5 Bxe2 16. Qxe2 Qxe5 17. Rfd1 Rfe8 18. Rac1 b5 19. Qf3 Nxe3 20. fxe3 Rd7 21. Rc6 Qxb2 22. Rxa6 h6 23. e4 Qc2 24. Re1 Rxd5 25. Re2 Qc5+ 26. Rf2 Rd7 27. Qg4 Red8 28. h4 Rd1+ 29. Kh2 Qxf2 30. Rxh6 Qg1+ 31. Kh3 Qe3+ 32. Qg3 Qxh6 33. e5 R1d3 34. Qxd3 Rxd3+ 35. g3 Qe3 36. e6 Qxg3# 0-1

[Event "December 19 Late 2023"]
[Site "https://www.chess.com"]
[Date "2023.12.19"]
[Round "4"]
[White "Lutz, Igor Oscar"]
[Black "Mohammad, Fahim"]
[Result "0-1"]
[Board "154"]
[TimeControl "180+1"]
[WhiteFideId "2110806"]
[BlackFideId "10206248"]
[WhiteElo "2084"]
[BlackElo "2177"]
[WhiteTeam "BRA"]
[BlackTeam "FRA"]
[WhiteClock "0:00:00"]
[BlackClock "0:00:38"]

1. d4 d5 2. c4 dxc4 3. Qa4+ c6 4. Qxc4 Nf6 5. Nf3 Bf5 6. g3 e6 7. Bg2 h6 8. O-O Be7 9. Nc3 O-O 10. Re1 Nbd7 11. e4 Bg4 12. e5 Nd5 13. Ne4 Rc8 14. h3 Bh5 15. g4 Bg6 16. Nc5 Nxc5 17. dxc5 Qa5 18. Bd2 Qxc5 19. Rac1 Qxc4 20. Rxc4 Rfd8 21. Nd4 c5 22. Nf3 b5 23. Rcc1 a6 24. Ba5 Rd7 25. a3 Nf4 26. Red1 Rd3 27. Rxd3 Nxd3 28. Rd1 Nxb2 29. Rd7 Bf8 30. Ra7 Nc4 31. Rxa6 Nxa3 32. Bb6 Nc4 33. Ba5 Nxa5 34. Rxa5 Bd3 35. Nd2 c4 36. Be4 Bxe4 37. Nxe4 c3 38. Ra1 b4 0-1

[Event "December 19 Late 2023"]
[Site "https://www.chess.com"]
[Date "2023.12.19"]
[Round "4"]
[White "Vargas, Mauricio"]
[Black "Pert, Nina"]
[Result "0-1"]
[Board "155"]
[TimeControl "180+1"]
[WhiteFideId "4404572"]
[BlackFideId "456853"]
[WhiteElo "1982"]
[BlackElo "1726"]
[WhiteTeam "COL"]
[BlackTeam "ENG"]
[WhiteClock "0:01:44"]
[BlackClock "0:02:00"]

1. e4 c6 2. Nc3 d5 3. d3 dxe4 4. Nxe4 Nf6 5. Qe2 Nxe4 6. Qxe4 Nd7 7. Nf3 Nf6 8. Qe2 Bg4 9. h3 Bxf3 10. Qxf3 e6 11. Be3 Bd6 12. O-O-O Qa5 13. Kb1 O-O 14. Qg3 Bxg3 15. fxg3 Nd5 16. Bd2 Qc7 17. Be2 b5 18. c4 bxc4 19. dxc4 Nf6 20. Bf4 Qa5 21. Bd6 Rfd8 22. c5 Ne4 23. Rhe1 Nxd6 24. cxd6 Rxd6 25. Rc1 Rd2 26. Bf3 Rb8 0-1

[Event "December 19 Late 2023"]
[Site "https://www.chess.com"]
[Date "2023.12.19"]
[Round "4"]
[White "Alamzhi21"]
[Black "De Souza, Cristiano Gomes"]
[Result "1-0"]
[Board "156"]
[TimeControl "180+1"]
[BlackFideId "2151758"]
[WhiteElo "2637"]
[BlackElo "2068"]
[BlackTeam "BRA"]
[WhiteClock "0:01:35"]
[BlackClock "0:00:49"]

1. e4 c5 2. Nf3 d6 3. Nc3 Nc6 4. g3 g6 5. Bg2 Bg7 6. O-O Nf6 7. d4 cxd4 8. Nxd4 O-O 9. Nb3 Be6 10. Nd5 Nd7 11. c3 a5 12. a4 Nb6 13. Be3 Bxd5 14. exd5 Ne5 15. Nd4 Nbc4 16. Bc1 Nd7 17. Nb5 Nf6 18. b3 Ne5 19. Be3 Nfg4 20. Bd4 h5 21. c4 Nh6 22. Bh3 f5 23. f4 Neg4 24. Bxg7 Kxg7 25. Qd4+ Rf6 26. Rfe1 Qd7 27. Re6 Rf8 28. Rae1 Rf7 29. Bg2 Ng8 30. h3 N4h6 31. Qc3 Qd8 32. Nd4 Qb6 33. Kh2 Kh7 34. Nf3 Kg7 35. Ng5 Rf8 36. R1e3 Qc5 37. Rxe7+ Nxe7 38. Rxe7+ Kg8 39. Ne6 R8f7 40. Rxf7 1-0

[Event "December 19 Late 2023"]
[Site "https://www.chess.com"]
[Date "2023.12.19"]
[Round "4"]
[White "Vila Dupla, Aurelio"]
[Black "Blanco Diez, David"]
[Result "0-1"]
[Board "157"]
[TimeControl "180+1"]
[WhiteFideId "2203383"]
[BlackFideId "32032927"]
[WhiteElo "2009"]
[BlackElo "2170"]
[WhiteTeam "ESP"]
[BlackTeam "ESP"]
[WhiteClock "0:00:01"]
[BlackClock "0:00:07"]

1. Nf3 Nf6 2. d4 e6 3. g3 b6 4. Bg2 Bb7 5. O-O c5 6. c4 cxd4 7. Qxd4 Be7 8. Nc3 O-O 9. Rd1 d6 10. b3 Nbd7 11. Bb2 a6 12. Ng5 Bxg2 13. Kxg2 Qc7 14. Nge4 Ne8 15. Ba3 Nc5 16. Nxc5 bxc5 17. Qf4 Bf6 18. Bb2 Be5 19. Qf3 Nf6 20. Rd2 Rad8 21. Rad1 Rd7 22. Ne4 Nxe4 23. Qxe4 Bxb2 24. Rxb2 Rfd8 25. Rbd2 a5 26. a4 Qb6 27. Rd3 h6 28. h4 Qc7 29. h5 Rb8 30. Qf4 Rb6 31. g4 Qb7+ 32. Qf3 Qxf3+ 33. Kxf3 Kf8 34. e4 Ke7 35. e5 d5 36. cxd5 exd5 37. Rxd5 Rxb3+ 38. Kg2 Rc7 39. Rc1 Rb4 40. f3 c4 41. Rxa5 c3 42. Rb5 Rxa4 43. Rb3 Rac4 44. Rc2 Ke6 45. Kf2 Kxe5 46. Ke3 R4c5 47. f4+ Kd5 48. Ra3 R7c6 49. Kd3 Rc4 50. Ke3 Re4+ 51. Kf3 Rec4 52. Ke3 Re6+ 53. Kf3 Ree4 54. Rcxc3 Rxf4+ 55. Ke3 Rce4+ 56. Kd3 Rf3+ 57. Kc2 Rxc3+ 58. Rxc3 Rc4 59. Rxc4 Kxc4 60. Kd2 Kd4 61. Ke2 Ke4 62. Kf2 Kf4 0-1

[Event "December 19 Late 2023"]
[Site "https://www.chess.com"]
[Date "2023.12.19"]
[Round "4"]
[White "Kovacevic, Radmila"]
[Black "Kubatko, Ivan"]
[Result "1-0"]
[Board "158"]
[TimeControl "180+1"]
[WhiteFideId "933171"]
[BlackFideId "24111473"]
[WhiteElo "2052"]
[BlackElo "2285"]
[WhiteTeam "SRB"]
[BlackTeam "RUS"]
[WhiteClock "0:01:00"]
[BlackClock "0:00:00"]

1. e4 d5 2. exd5 Qxd5 3. d4 e5 4. Nf3 Nc6 5. Nc3 Bb4 6. Bd2 Bxc3 7. Bxc3 e4 8. Ne5 Nxe5 9. dxe5 Ne7 10. b3 Be6 11. Bc4 Qxd1+ 12. Rxd1 Bxc4 13. bxc4 Nc6 14. Ke2 Ke7 15. Ke3 Ke6 16. Kxe4 h5 17. f4 g6 18. h3 h4 19. Rd3 Ne7 20. Rhd1 Nf5 21. Rd7 Rac8 22. c5 Rhe8 23. a4 Re7 24. R7d5 c6 25. Rd6+ 1-0

[Event "December 19 Late 2023"]
[Site "https://www.chess.com"]
[Date "2023.12.19"]
[Round "4"]
[White "Zhukov, Maksim"]
[Black "Porat, Tori"]
[Result "1/2-1/2"]
[Board "159"]
[TimeControl "180+1"]
[WhiteFideId "34181790"]
[BlackFideId "30982626"]
[WhiteElo "1925"]
[BlackElo "1693"]
[WhiteTeam "RUS"]
[BlackTeam "USA"]
[WhiteClock "0:00:09"]
[BlackClock "0:00:11"]

1. e4 c5 2. Nf3 Nc6 3. d4 cxd4 4. Nxd4 e5 5. Nb5 d6 6. c4 Nf6 7. N1c3 a6 8. Na3 Be7 9. Be2 O-O 10. Be3 Be6 11. Rc1 Rc8 12. f3 Na5 13. Nd5 Bxd5 14. exd5 b6 15. b4 Nb7 16. O-O a5 17. bxa5 bxa5 18. Nb5 Nc5 19. Qd2 h6 20. Rb1 Nfd7 21. Na7 Ra8 22. Nc6 Qe8 23. Nxa5 e4 24. Nc6 Ne5 25. Bxc5 Nxc6 26. Be3 exf3 27. Bxf3 Ne5 28. Rbe1 Nxc4 29. Qd3 Nxe3 30. Qxe3 Bf6 31. Qxe8 Rfxe8 32. Rxe8+ Rxe8 33. Rb1 Ra8 34. Be4 g6 35. Rb7 Rxa2 36. g3 Bd4+ 37. Kh1 Re2 38. Bd3 Re3 39. Bb5 Re5 40. Bc6 g5 41. Rd7 g4 42. h3 Re1+ 43. Kh2 Re2+ 44. Kh1 gxh3 45. Rxd6 Re1+ 46. Kh2 Re2+ 47. Kxh3 Re1 48. Bd7 Rh1+ 49. Kg4 Rf1 50. Bf5 Kg7 51. Be4 Re1 52. Bf3 Re5 53. Rd7 Rg5+ 54. Kh3 Be5 55. Bg4 h5 56. Be6 Rxg3+ 57. Kh4 Rf3 58. Kxh5 Rf4 59. Kg5 Rf1 60. Rxf7+ Rxf7 61. Bxf7 Kxf7 62. Kf5 Bc7 63. d6 Bxd6 1/2-1/2

[Event "December 19 Late 2023"]
[Site "https://www.chess.com"]
[Date "2023.12.19"]
[Round "4"]
[White "Malek, Omid"]
[Black "Clarke, Matthew"]
[Result "0-1"]
[Board "160"]
[TimeControl "180+1"]
[WhiteFideId "2605384"]
[BlackFideId "3227804"]
[WhiteElo "2013"]
[BlackElo "2026"]
[WhiteTeam "CAN"]
[BlackTeam "AUS"]
[WhiteClock "0:01:34"]
[BlackClock "0:00:14"]

1. d4 d5 2. Bf4 Nf6 3. e3 c5 4. c3 Nc6 5. Nd2 cxd4 6. exd4 Bf5 7. Ngf3 e6 8. Be2 Bd6 9. Bg5 O-O 10. O-O h6 11. Bh4 a6 12. Re1 b5 13. Ne5 Nxe5 14. dxe5 Bxe5 15. g4 Bh7 16. g5 Ne4 17. Nf3 hxg5 18. Nxe5 gxh4 19. Nf3 Qf6 20. Rf1 Bf5 21. Kh1 Bh3 22. Qd3 Bxf1 23. Rxf1 Rfb8 24. Qe3 a5 25. Rg1 b4 26. cxb4 axb4 27. b3 Rxa2 28. h3 Rc8 29. Rg2 Rcc2 30. Bd3 Rxf2 31. Bxe4 Rxg2 32. Bxd5 exd5 33. Qe8+ Kh7 34. Ng5+ Kg6 35. Qe1 Rh2+ 36. Kg1 Rag2# 0-1

[Event "December 19 Late 2023"]
[Site "https://www.chess.com"]
[Date "2023.12.19"]
[Round "4"]
[White "GirthyHuell"]
[Black "Guevara Sanchez, Erick Marvin"]
[Result "1-0"]
[Board "161"]
[TimeControl "180+1"]
[BlackFideId "6700136"]
[WhiteElo "2356"]
[BlackElo "2040"]
[BlackTeam "ESA"]
[WhiteClock "0:01:15"]
[BlackClock "0:00:13"]

1. d4 Nf6 2. c4 e6 3. g3 Bb4+ 4. Bd2 Be7 5. Bg2 d5 6. cxd5 exd5 7. Nc3 O-O 8. Nf3 c5 9. O-O Nc6 10. Bf4 Be6 11. Rc1 b6 12. dxc5 bxc5 13. Ne5 Rc8 14. Nxc6 Rxc6 15. e4 d4 16. Na4 Rc8 17. b3 Qa5 18. Bd2 Qa6 19. Re1 Rfd8 20. Bf1 Qb7 21. Bd3 h6 22. Qc2 Ng4 23. f4 Bf8 24. Nb2 Nf6 25. Nc4 Bd7 26. Ne5 Bh3 27. Bc4 Rc7 28. Ba5 Be6 29. Bxc7 Qxc7 30. Bxe6 fxe6 31. Qc4 Qb6 32. f5 Re8 33. Ng6 Kh7 34. Nxf8+ Rxf8 35. Qxe6 Qb4 36. e5 Ng4 37. Qg6+ Kh8 38. Qxg4 d3 39. Qxb4 cxb4 40. Rf1 Rd8 41. Rcd1 Rd5 42. f6 gxf6 43. exf6 Kg8 44. f7+ Kf8 45. Rde1 d2 46. Re8+ Kg7 47. f8=Q+ 1-0

[Event "December 19 Late 2023"]
[Site "https://www.chess.com"]
[Date "2023.12.19"]
[Round "4"]
[White "Guzman Lozano, Campo Elias"]
[Black "Fernandez Bustamante, Leancy B."]
[Result "0-1"]
[Board "162"]
[TimeControl "180+1"]
[WhiteFideId "4403746"]
[BlackFideId "3523870"]
[WhiteElo "2099"]
[BlackElo "2049"]
[WhiteTeam "COL"]
[BlackTeam "CUB"]
[WhiteClock "0:00:46"]
[BlackClock "0:00:20"]

1. Nf3 c5 2. e4 a6 3. c3 d5 4. exd5 Qxd5 5. d4 Bg4 6. Be2 cxd4 7. Qxd4 Qxd4 8. Nxd4 Bxe2 9. Kxe2 e5 10. Nc2 Nc6 11. Re1 Bc5 12. Kf1 Nf6 13. Be3 Bxe3 14. Nxe3 O-O 15. Nd2 g6 16. Ndc4 b5 17. Nd2 Rad8 18. Nf3 e4 19. Ng5 Rd2 20. Re2 Rfd8 21. Rae1 h6 22. Nh3 Kg7 23. f3 exf3 24. gxf3 Nh5 25. f4 Na5 26. Rxd2 Rxd2 27. Re2 Rd6 28. f5 Rf6 29. Rf2 g5 30. Nd5 Rd6 31. Nb4 Nc4 32. b3 Ne3+ 33. Ke2 Ng4 34. Rg2 Nhf6 35. Nf2 Nxf2 36. Rxf2 a5 37. Nc2 Rd5 38. Nd4 Re5+ 39. Kd3 Nh5 40. Nc6 Re1 41. Nxa5 Nf4+ 42. Kc2 Kf6 43. Nb7 Kxf5 44. Nd6+ Kg4 45. Nxf7 h5 46. c4 bxc4 47. bxc4 Ra1 48. Kb3 Rb1+ 49. Rb2 Rxb2+ 50. Kxb2 Ne6 51. a4 Kh3 52. a5 g4 53. Ne5 Kxh2 54. a6 g3 55. c5 Nxc5 56. a7 Na4+ 57. Kb3 Nb6 58. Kb4 g2 59. Kb5 Na8 60. Kc6 Kg3 61. Kb7 g1=Q 62. Kxa8 Qb6 63. Nd3 Qd8+ 64. Kb7 Qxd3 65. a8=Q Qe4+ 0-1

[Event "December 19 Late 2023"]
[Site "https://www.chess.com"]
[Date "2023.12.19"]
[Round "4"]
[White "Gerbelli Neto, Eduardo"]
[Black "Harrington, Steve"]
[Result "0-1"]
[Board "163"]
[TimeControl "180+1"]
[WhiteFideId "2103281"]
[BlackFideId "2038730"]
[WhiteElo "2178"]
[BlackElo "2155"]
[WhiteTeam "BRA"]
[BlackTeam "USA"]
[WhiteClock "0:00:00"]
[BlackClock "0:00:19"]

1. e4 c5 2. Nc3 d6 3. f4 g6 4. Nf3 Bg7 5. Bb5+ Nc6 6. O-O Nf6 7. Qe1 Qb6 8. Bxc6+ Qxc6 9. d3 Bg4 10. e5 Nd7 11. exd6 Qxd6 12. Ne4 Qc6 13. Qh4 Bxf3 14. Rxf3 Nf6 15. f5 Nxe4 16. dxe4 O-O-O 17. Bg5 Bd4+ 18. Kh1 f6 19. Be3 gxf5 20. exf5 Bxe3 21. Rxe3 Rd2 22. Rg3 Rhd8 23. h3 Rxc2 24. Qxh7 Qd6 25. Rg8 Rxb2 26. Rxd8+ Qxd8 27. Rc1 Qd5 28. Qg7 Kd7 29. Re1 Qd6 30. Qg8 Rd2 31. Qb3 Qd5 32. Qa4+ Kc7 33. Qg4 Kd7 34. Qa4+ Kd8 35. Qg4 c4 36. Qg7 Qd6 37. Qf8+ Kd7 38. Rb1 b5 39. a4 Rd1+ 40. Rxd1 Qxd1+ 41. Kh2 Qd6+ 42. Kh1 b4 43. Qa8 Qb6 44. Qe4 c3 45. Qd3+ Qd6 46. Qb5+ Qc6 47. Qxb4 c2 48. Qd4+ Kc7 49. Qxa7+ Kd6 50. Qd4+ Kc7 51. Qa7+ Kd8 52. Qd4+ Ke8 0-1

[Event "December 19 Late 2023"]
[Site "https://www.chess.com"]
[Date "2023.12.19"]
[Round "4"]
[White "Hoffmann, Asa"]
[Black "Hartikainen, Jarmo"]
[Result "1-0"]
[Board "164"]
[TimeControl "180+1"]
[WhiteFideId "2001470"]
[BlackFideId "503134"]
[WhiteElo "2117"]
[BlackElo "2148"]
[WhiteTeam "USA"]
[BlackTeam "FIN"]
[WhiteClock "0:00:41"]
[BlackClock "0:00:00"]

1. d4 d5 2. Bg5 Nf6 3. Nd2 c5 4. c3 Nc6 5. e3 e6 6. f4 Be7 7. Ngf3 h6 8. Bh4 Ne4 9. Bxe7 Qxe7 10. Nxe4 dxe4 11. Ne5 Nxe5 12. fxe5 O-O 13. Qg4 f5 14. Qg3 cxd4 15. exd4 f4 16. Qg6 Qh4+ 17. g3 fxg3 18. Qxg3 Qxg3+ 19. hxg3 b6 20. Bg2 Bb7 21. Ke2 Rf5 22. Ke3 Raf8 23. Bxe4 Bxe4 24. Kxe4 Rf2 25. b3 Re2+ 26. Kd3 Rff2 27. a4 Rd2+ 28. Kc4 Rf3 29. Rac1 Rxg3 30. Rhf1 h5 31. Rf4 Rdd3 32. Rc2 g5 33. Rf6 h4 34. Rxe6 h3 35. d5 h2 36. Rh6 Rh3 37. Rxh2 Rxc3+ 38. Kb5 Rxb3+ 39. Kc6 Rbc3+ 40. Kd7 Rxh2 41. Rxh2 Rd3 42. d6 a6 43. e6 1-0

[Event "December 19 Late 2023"]
[Site "https://www.chess.com"]
[Date "2023.12.19"]
[Round "4"]
[White "Quirke, Jeffrey"]
[Black "Chlpik, Martin"]
[Result "1-0"]
[Board "165"]
[TimeControl "180+1"]
[WhiteFideId "2013029"]
[BlackFideId "14923351"]
[WhiteElo "2145"]
[BlackElo "2109"]
[WhiteTeam "USA"]
[BlackTeam "SVK"]
[WhiteClock "0:00:03"]
[BlackClock "0:00:00"]

1. e4 c5 2. c3 d6 3. d4 Nf6 4. Bd3 g6 5. Nf3 Bg7 6. O-O O-O 7. h3 Nc6 8. Re1 e5 9. dxc5 dxc5 10. Qc2 Qe7 11. Nbd2 h6 12. a4 Be6 13. Bc4 Rad8 14. Bxe6 Qxe6 15. b3 Rd7 16. Nc4 Rfd8 17. Be3 b6 18. Nfd2 Rd3 19. f3 Nh5 20. Bf2 Nf4 21. Nf1 Qe7 22. Nfe3 Qg5 23. Kh2 h5 24. h4 Qf6 25. Nd5 R8xd5 26. exd5 Rxd5 27. Rad1 Ne7 28. Rxd5 Nexd5 29. Ne3 Ne7 30. Qe4 Ne6 31. Nc4 Kh7 32. Nxe5 Nf4 33. g3 Ne6 34. Nd7 Qxc3 35. Ne5 Qxb3 36. g4 1-0